 Dungeon Sprint DCSS version 0.29-a0-925-g0a7a3d12f8 (webtiles) character file.

Game seed: 5747234649274743013

79 rocky1 the Poker (level 4, -2/38 HPs)
             Began as a Merfolk Gladiator on July 28, 2022.
             Was an Initiate of Okawaru.
             Slain by a gnoll
             ... wielding a +0 spear
              (4 damage)
             ... while paralysed by Grinder
             ... in the Dungeon (Sprint VII: "The Pits").
             The game lasted 00:01:50 (418 turns).

rocky1 the Poker (Merfolk Gladiator)                 Turns: 418, Time: 00:01:50

Health: -2/38      AC:  4    Str: 16    XL:     4   Next: 37%
Magic:  4/4        EV:  2    Int:  7    God:    Okawaru [......]
Gold:   0          SH:  0    Dex: 15    Spells: 3/3 levels left

rFire   . . .      SeeInvis .   m - +2 trident
rCold   . . .      Faith    .   (no shield)
rNeg    . . .      Spirit   .   b - +0 leather armour
rPois   .          Reflect  .   c - +0 helmet
rElec   .          Harm     .   (no cloak)
rCorr   .          Rampage  .   (no gloves)
Will    .....      NoTele   +   (no boots)
Stlth   +.........              (no amulet)
HPRegen 0.12/turn               (no ring)
MPRegen 0.09/turn               (no ring)

@: paralysed, on berserk cooldown, slowed
A: (nimble swimmer 2), mertail
a: Renounce Religion


You were in the Dungeon.
You worshipped Okawaru.
Okawaru was noncommittal.
You visited 1 branch

Inventory:

Hand Weapons
 m - a +2 trident (weapon)
Missiles
 d - 3 throwing nets (quivered)
 e - a javelin
Armour
 b - a +0 leather armour (worn)
 c - a +0 helmet (worn)
Scrolls
 k - a scroll of blinking
 l - 5 scrolls of amnesia
Potions
 f - a potion of berserk rage
 g - a potion of heal wounds
 h - a potion of haste
 i - 4 potions of magic
 j - 2 potions of invisibility


   Skills:
 + Level 4.5 Fighting
 * Level 7.9 Polearms
 - Level 2.0 Throwing
 + Level 2.4 Armour
 + Level 6.2 Dodging


You had 3 spell levels left.
You didn't know any spells.
Your spell library was empty.

Dungeon Overview and Level Annotations

Branches:
Dungeon (1/1)

Altars:
Ashenzari
Cheibriados
Dithmenos
Elyvilon
Fedhas
Gozag
Hepliaklqana
Kikubaaqudgha
Makhleb
Nemelex Xobeh
Okawaru
Qazlal
Ru
Sif Muna
Trog
Uskayaw
Vehumet
Wu Jian
Xom
Yredelemnul
Zin
The Shining One
Jiyva
Lugonu

Annotations:
D Grinder


Innate Abilities, Weirdness & Mutations

((You are very nimble when in or above water. (Stealth+, EV+, Speed+++)))
Your lower body shifts to a powerful aquatic tail in water.


Message History

Things that are here:
a jackal corpse; an adder corpse You see here a jackal corpse.
Okay, then.
Reach: m) +2 trident
Press: ? - help, Dir - move target, f - you
Okay, then.
Reach: m) +2 trident
Press: ? - help, Dir - move target, f - Grinder
Aim: Grinder (about 38% to evade your +2 trident)
You reach to attack!
You barely miss Grinder. Grinder gestures at you.
You suddenly lose the ability to move!
Grinder hits you. Grinder completely misses you.
You can move again.
You closely miss Grinder. Grinder hits you.
You writhe in agony.
A red film seems to cover your vision as you go berserk!
You feel yourself moving faster!
You feel mighty!
Grinder says, "Make like a tree!"
Grinder blinks!
You feel a strong urge to attack something.
The gnoll misses you.
There is an open door here.
Things that are here:
a jackal corpse; an adder corpse The gnoll closely misses you.
Grinder hits you.
You writhe in agony.
You feel your anger nearly subside.
You are no longer berserk.
You are exhausted.
You feel yourself slow down.
You closely miss Grinder. Grinder hits you. Grinder gestures at you.
You suddenly lose the ability to move!
The gnoll hits you but does no damage. Grinder gestures at you.
Pain shoots through your body!
* * * LOW HITPOINT WARNING * * *
The gnoll hits you from afar with a +0 spear.
* * * LOW HITPOINT WARNING * * *
The gnoll hits you from afar with a +0 spear.
You die...

#+#####'#####......#.
#..†..# #........
#.)...# ####'####
###†### #.......#
#.†...# #.......#
#..†.†# #.......#
####†##+###...<...#
#.5......##.......#
#.@.g....##.......#
###########.......#
#########


You could see Grinder and a gnoll.

Vanquished Creatures
  A scorpion (D)
  An adder (D)
  A bat (D)
  4 jackals (D)
  A kobold (D)
  2 quokkas (D)
10 creatures vanquished.

Notes
Turn   | Place    | Note
-------+----------+-------------------------------------------
     0 | D        | rocky1 the Merfolk Gladiator began the quest for the Orb.
     0 | D        | Reached XP level 1. HP: 16/16 MP: 1/1
    11 | D        | Noticed a scorpion
    20 | D        | Killed a scorpion
    21 | D        | Reached skill level 7 in Polearms
    21 | D        | Reached skill level 5 in Dodging
    21 | D        | Reached XP level 2. HP: 10/25 MP: 2/2
    21 | D        | Reached XP level 3. HP: 12/30 MP: 3/3
    21 | D        | Reached XP level 4. HP: 14/37 MP: 4/4
   306 | D        | Found a bloodstained altar of Trog.
   306 | D        | Found a shimmering blue altar of Sif Muna.
   306 | D        | Found a viscous altar of Jiyva.
   306 | D        | Found a hazy altar of Hepliaklqana.
   306 | D        | Found an opulent altar of Gozag.
   307 | D        | Found a glowing golden altar of the Shining One.
   307 | D        | Found a glowing silver altar of Zin.
   307 | D        | Found a basalt altar of Yredelemnul.
   307 | D        | Found a shimmering altar of Xom.
   307 | D        | Found an ornate altar of the Wu Jian Council.
   307 | D        | Found a sacrificial altar of Ru.
   307 | D        | Found a stormy altar of Qazlal.
   307 | D        | Found an iron altar of Okawaru.
   307 | D        | Found a sparkling altar of Nemelex Xobeh.
   307 | D        | Found a burning altar of Makhleb.
   307 | D        | Found a blossoming altar of Fedhas.
   307 | D        | Found a white marble altar of Elyvilon.
   307 | D        | Found a shadowy altar of Dithmenos.
   307 | D        | Found a snail-covered altar of Cheibriados.
   309 | D        | Found a radiant altar of Vehumet.
   309 | D        | Found a corrupted altar of Lugonu.
   310 | D        | Found a hide-covered altar of Uskayaw.
   310 | D        | Found an ancient bone altar of Kikubaaqudgha.
   310 | D        | Found a broken altar of Ashenzari.
   315 | D        | Became a worshipper of Warmaster Okawaru
   402 | D        | Noticed Grinder
   407 | D        | Paralysed by Grinder for 3 turns
   416 | D        | Paralysed by Grinder for 4 turns
   418 | D        | Slain by a gnoll

Illustrated notes

Levels and vault maps discovered:
D:        pitsprint [storerooms_1, entrance_room_1, metal_vault_8, armoury_2,
          mini_pit_1, grid_room_1, main_hall_1, silver_pit, the_coven_3,
          the_vestibule_1, steel_vault_1, golden_pit, hallway_of_sentries,
          crystal_vault_1, iron_vault_4, final_vault]

Skill      XL: |  1  2  3  4 |
---------------+-------------+-----
Fighting       | 4 |  4.5
Polearms       | 7 |  7.9
Armour         | 2 |  2.4
Dodging        | 5 6 |  6.2
Throwing       | |  2.0

Action                   |  1- 3 |  4- 6 || total
-------------------------+-------+-------++-------
Melee: Trident           |     7 |    32 ||    39
  Use: Potion            |     1 |     2 ||     3
 Stab: Sleeping          |       |     3 ||     3
Armor: Leather armour    |     1 |     6 ||     7
Dodge: Dodged            |     3 |    33 ||    36

Table legend: (Time is in decaauts)
 A = Elapsed time spent in this place.
 B = Non-inter-level travel time spent in this place.
 C = Inter-level travel time spent in this place.
 D = Time resting spent in this place.
 E = Time spent auto-exploring this place.
 F = Levels seen in this place.
 G = Mean time per level.
                   A        B        C        D        E       F      G
               +--------+--------+--------+--------+--------+-----+--------+
         Total |    428 |    428 |      0 |    296 |      0 |   1 |  428.0 |
       Dungeon |    428 |    428 |      0 |    296 |      0 |   1 |  428.0 |
               +--------+--------+--------+--------+--------+-----+--------+

Top non-repeatable levels by time:
       D: 428 daAuts
